AoeStats
← killinserotonin

MegaRandom

509798511Analyzed
4v4 RM · 4d ago on Sep 28, 2026· 81m 55s· 8 players
Game mode
Random Map
Map size
Large (8 player)
Population
200
Speed
Normal
Resources
Standard
Victory
Conquest
Starting age
Dark Age
Ending age
Imperial Age
RankedLock teamsTeams togetherTeam positionsShared explorationLock speedFull tech treeHidden civsTurbo modeCheats
Victory
Defeat
🇺🇸 Magyars · United States
1076
+14
🇨🇳 Franks · China
1024
+16
🇨🇴 Lithuanians · Colombia
1002
+17
🇨🇦 Burgundians · Canada
945
+21
🇺🇸 Burmese · United States
1102
-20
🇨🇱 Malay · Chile
1098
-20
🇺🇸 Burgundians · United States
967
-14
🇨🇳 Chinese · China
955
-14
killinserotonin
6:34 Loom
12:57 Feudal Age
13:59 Double-Bit Axe
13:55 Horse Collar
19:47 Castle Age
18:06 Gold Mining
19:29 Bloodlines
21:09 Bow Saw
21:37 Wheelbarrow
26:34 Fletching
26:45 Padded Archer Armor
26:37 Town Watch
28:45 Stone Mining
33:33 Hand Cart
33:59 Husbandry
34:43 Ballistics
34:19 Bodkin Arrow
34:47 Fishing Lines
40:12 Imperial Age
38:09 Thumb Ring
38:17 Masonry
39:59 Light Cavalry
40:47 Scale Barding Armor
42:30 Bracer
43:40 Chemistry
43:41 Conscription
43:19 Gillnets
44:57 Chain Barding Armor
44:29 Hussar
46:34 Plate Barding Armor
49:24 Heavy Plow
49:27 Town Patrol
70:27 Caravan
76:22 Elite Skirmisher
77:19 Leather Archer Armor
78:58 Ring Archer Armor
Swordfish
3:03 Loom
4:46 Wheelbarrow
7:59 Double-Bit Axe
16:50 Feudal Age
16:17 Fishing Lines
17:59 Hand Cart
17:56 Bow Saw
17:35 Horse Collar
22:47 Castle Age
20:58 Heavy Plow
22:11 Forging
25:20 Town Watch
25:28 Light Cavalry
29:10 Pikeman
32:54 Two-Man Saw
38:06 Imperial Age
36:41 Burgundian Vineyards
37:25 Crop Rotation
38:07 Capped Ram
40:10 Fletching
41:01 Scale Mail Armor
41:07 Scale Barding Armor
42:13 Husbandry
49:34 Gold Mining
49:33 Halberdier
54:01 Caravan
54:27 Elite Skirmisher
60:10 Ballistics
64:08 Squires
63:53 Arson
66:53 Bodkin Arrow
66:58 Padded Archer Armor
68:11 Chain Mail Armor
68:35 Iron Casting
71:36 Bracer
71:52 Leather Archer Armor
72:10 Plate Mail Armor
72:02 Chain Barding Armor
73:37 Chemistry
75:26 Cavalier
76:51 Plate Barding Armor
77:16 Blast Furnace
77:35 Paladin
83:19 Blast Furnace
Jan_Rui
11:32 Loom
13:55 Feudal Age
17:00 Town Watch
20:02 Castle Age
18:25 Stone Mining
19:09 Padded Archer Armor
21:42 Fletching
Big哥
Lord Tay
huiqunzheng3
6:57 Loom
12:33 Feudal Age
13:13 Double-Bit Axe
18:03 Castle Age
16:20 Stone Mining
16:21 Gold Mining
16:18 Horse Collar
17:21 Fishing Lines
17:57 Fletching
19:56 Bow Saw
20:55 Heavy Plow
23:21 Wheelbarrow
24:57 Town Watch
25:09 Light Cavalry
27:19 Padded Archer Armor
29:17 Hand Cart
30:42 Bodkin Arrow
31:03 Leather Archer Armor
35:09 Imperial Age
37:28 Bracer
37:59 Ring Archer Armor
37:52 Ballistics
38:32 Chemistry
37:45 Masonry
37:34 Murder Holes
37:48 Scale Barding Armor
37:54 Forging
38:27 Conscription
38:51 Rocketry
40:53 Town Patrol
41:55 Two-Man Saw
41:22 Chain Barding Armor
41:38 Iron Casting
41:16 Bloodlines
41:07 Husbandry
40:47 Elite Chu Ko Nu
42:46 Heavy Rocket Cart
45:47 Plate Barding Armor
46:13 Blast Furnace
47:59 Architecture
68:32 Squires
68:18 Arson
YONG
3:32 Loom
13:22 Feudal Age
13:05 Man-at-Arms
14:52 Forging
15:11 Padded Archer Armor
16:34 Gold Mining
21:05 Castle Age
22:33 Wheelbarrow
25:40 Scale Barding Armor
32:55 Double-Bit Axe
36:03 Gold Shaft Mining
36:18 Fishing Lines
39:33 Gillnets
40:51 Bow Saw
45:56 Husbandry
47:45 Iron Casting
47:54 Treadmill Crane
53:19 Squires
53:43 Pikeman
53:51 Light Cavalry
54:43 Arson
62:06 Imperial Age
59:53 Hand Cart
62:01 Conscription
62:50 Blast Furnace
63:23 Elite Skirmisher
64:19 Thumb Ring
Chill Maister
11:58 Feudal Age
12:37 Double-Bit Axe
14:30 Man-at-Arms
18:24 Castle Age
16:11 Man-at-Arms
16:45 Fletching
16:56 Scale Mail Armor
18:37 Pikeman
25:09 Bodkin Arrow
27:45 Scale Barding Armor
28:22 Horse Collar
32:33 Padded Archer Armor
36:17 Imperial Age
33:23 Elite Skirmisher
36:10 Forging
44:50 Long Swordsman
Connection lost

Rejoining the realm…

Still unreachable

The connection could not be restored.

Session expired

The server has moved on; the page needs a fresh start.